 Dungeon Crawl Stone Soup version 0.30-a0-760-g5a9884bb7c (webtiles) character file.

Game seed: 11137526842539756975

46 boo the Trooper (level 3, 0/33 HPs)
             Began as a Minotaur Fighter on Feb 11, 2023.
             Killed by divine providence
             ... invoked by an orc priest
              (12 damage)
             ... on level 2 of the Dungeon.
             The game lasted 00:01:13 (824 turns).

boo the Trooper (Minotaur Fighter)                   Turns: 824, Time: 00:01:14

Health: 0/33       AC:  8    Str: 22    XL:     3   Next: 46%
Magic:  2/2        EV:  9    Int:  5    God:
Gold:   28         SH:  4    Dex:  9    Spells: 2/2 levels left

rFire   . . .      SeeInvis .    a - +0 long sword
rCold   . . .      Faith    .    c - +0 buckler
rNeg    . . .      Spirit   .    b - +0 scale mail
rPois   .          Reflect  .    (helmet restricted)
rElec   .          Harm     .    (no cloak)
rCorr   .          Rampage  .    m - +0 pair of gloves
Will    .....                    (no boots) Stlth
                                 (no amulet)
HPRegen 0.25/turn                (no ring)
MPRegen 0.08/turn                (no ring)

@: no status effects
A: horns 2, retaliatory headbutt
a: no special abilities


You were on level 2 of the Dungeon.
You visited 1 branch of the dungeon, and saw 2 of its levels.

You collected 28 gold pieces.

Inventory:

Hand Weapons
 a - a +0 long sword (weapon)
Missiles
 j - 2 silver javelins (quivered)
Armour
 b - a +0 scale mail (worn)
 c - a +0 buckler (worn)
 m - a +0 pair of gloves (worn)
Scrolls
 e - 2 scrolls of vulnerability {unknown}
 g - a scroll of identify {unknown}
 h - a scroll of fog {unknown}
 i - a scroll of noise {unknown}
 k - a scroll of poison {unknown}
Potions
 d - a potion of might
 f - a potion of invisibility {unknown}
 l - a potion of berserk rage {unknown}
 n - 2 potions of heal wounds {unknown}
 o - a potion of ambrosia {unknown}


   Skills:
 + Level 4.1 Fighting
 * Level 3.5 Long Blades
 + Level 4.0 Armour
 + Level 4.0 Shields


You had 2 spell levels left.
You didn't know any spells.
Your spell library contained the following spells:

 Spells                   Type           Power      Damage    Failure   Level
 Sting                    Tmut/Pois      0%         1d3       87%         1
 Poisonous Vapours        Pois/Air       0%         N/A       95%         2
 Olgreb's Toxic Radiance  Pois           0%         N/A       100%        4


Dungeon Overview and Level Annotations

Branches:
Dungeon (2/15)

Altars:


Innate Abilities, Weirdness & Mutations

You have a pair of horns on your head.
You reflexively headbutt those who attack you in melee.


Message History

Something hits you but does no damage.
A goblin comes into view. It is wielding a +0 club.
You completely miss something. You block something's attack.
You barely miss something.
Something hits you but does no damage. x2
You hit something. Something hits you but does no damage.
You barely miss something. Your headbutt misses something.
You hear some strange, mumbled words.
A puff of flame appears from out of thin air!
The puff of flame misses you.
You closely miss something. Your headbutt misses something.
Something hits you but does no damage.
You hit something. Something hits you but does no damage.
You hear some strange, mumbled words.
You are confused.
You bump into the rock wall.
Something hits you but does no damage.
You completely miss something. Something hits you.
You barely miss something. Your headbutt misses something.
You hear some strange, mumbled words.
A puff of flame appears from out of thin air!
The puff of flame hits you!
You closely miss something. Something hits you but does no damage.
The orc priest miscasts a cantrip.
You barely miss something. Your headbutt misses something.
You feel less confused.
Something hits you but does no damage. x2
You miss something. Your headbutt misses something.
The dart slug launches a dart at you.
The slug dart hits something.
The orc priest invokes the aid of Beogh against you.
Beogh smites you! Something hits you but does no damage.
You closely miss something. Your headbutt misses something.
The orc priest invokes the aid of Beogh against you.
Something writhes in agony!
Reactivating autopickup.
You feel a bit more experienced.
You hit the dart slug.
The dart slug is lightly wounded.
The orc priest mumbles some strange prayers to Beogh against you.
Beogh smites you!
You die...

#.........# #.. #.
#.##.###..# #.. #!!
#.##.###..###.. ...#
##.##..##....... #...#
#......##.####.# .....#
#..##..##.# #.# ......#
#.........# #.#
$......###...†..#######.#
.....gbw@................
.....(o###.....########..
......# #.....# ###
.....# ##.#### #...# #.#
[... #.# ##. #.# # .#


You could see an orc priest, a dart slug, a goblin and a bat.

Vanquished Creatures
  An adder (D:2)
  A worm (D:2)
  An orc (D:2)
  4 ball pythons
  2 endoplasms (D:1)
  2 giant cockroaches (D:1)
  2 hobgoblins (D:1)
  4 kobolds
  A bat (D:1)
  A frilled lizard (D:2)
  A rat (D:1)
20 creatures vanquished.

Vanquished Creatures (others)
  An orc wizard (D:2)
1 creature vanquished.

Grand Total: 21 creatures vanquished

Notes
Turn   | Place    | Note
-------+----------+-------------------------------------------
     0 | D:1      | boo the Minotaur Fighter began the quest for the Orb.
     0 | D:1      | Reached XP level 1. HP: 19/19 MP: 0/0
   130 | D:1      | Reached XP level 2. HP: 21/27 MP: 1/1
   779 | D:2      | Reached XP level 3. HP: 33/33 MP: 2/2
   824 | D:2      | Killed from afar by an orc priest

Illustrated notes

Levels and vault maps discovered:
D:1:      minmay_arrival_shattered_statue, layout_basic, grunt_decor_cap,
          chequers_avenue
D:2:      layout_loops_corners, uniq_terence, uniq_jessica

Skill      XL: |  1  2  3 |
---------------+----------+-----
Long Blades    | 3 |  3.5
Fighting       | 4 |  4.1
Armour         | 4 |  4.0
Shields        | 4 |  4.0

Action                     || total
---------------------------++-------
  Melee: Long sword        ||    64
         Headbutt          ||     6
 Armour: Scale mail        ||    34
  Dodge: Dodged            ||    20
  Block: Buckler           ||    12

Table legend: (Time is in decaauts)
 A = Elapsed time spent in this place.
 B = Non-inter-level travel time spent in this place.
 C = Inter-level travel time spent in this place.
 D = Time resting spent in this place.
 E = Time spent auto-exploring this place.
 F = Levels seen in this place.
 G = Mean time per level.
                   A        B        C        D        E       F      G
               +--------+--------+--------+--------+--------+-----+--------+
         Total |    841 |    768 |     73 |      0 |    604 |   2 |  420.5 |
       Dungeon |    841 |    768 |     73 |      0 |    604 |   2 |  420.5 |
               +--------+--------+--------+--------+--------+-----+--------+

Top non-repeatable levels by time:
     D:1: 705 daAuts
     D:2: 135 daAuts
